 Dungeon Crawl Stone Soup version 0.31.0-11-ge490571c62 (webtiles) character file.

Game seed: 14682515206322266945

438 Xavori the Slasher (level 7, -6/51 HPs)
             Began as a Djinni Chaos Knight on Jan 29, 2024.
             Was a Plaything of Xom.
             Mangled by a swamp drake (10 damage)
             ... on level 4 of the Dungeon.
             The game lasted 00:02:44 (4347 turns).

Xavori the Slasher (Djinni Chaos Knight)            Turns: 4347, Time: 00:02:45

Health: -6/51      AC:  7    Str:  9      XL:     7   Next: 21%
Gold:   126        EV: 13    Int: 11      God:    Xom [*.....] SH:  0 Dex: 16 (23)

rFire   + + .        a - +0 falchion (chaos)
rCold   + . .        (no shield)
rNeg    . . .        b - +2 leather armour
rPois   ∞            (no helmet)
rElec   .            (no cloak)
rCorr   .            (no gloves)
SInv    .            (boots unavailable)
Will    .....        (no amulet)
Stlth   +            d - ring of protection from cold
HPRegen 0.28/turn    f - ring of protection from cold
MPRegen 0.00/turn

%: infuse magic (-7 HP)
@: attractive, flying
A: sickness immunity, fire resistance 2, cold vulnerability 1, float, innate
caster, HP casting, extra vitality 1, iridescent scales 1, agile 2, persistent
drain
a: Renounce Religion


You were on level 4 of the Dungeon.
You worshipped Xom.
You were a special plaything of Xom.
You visited 1 branch of the dungeon, and saw 4 of its levels.

You collected 126 gold pieces.

Inventory:

Hand Weapons
 a - a +0 falchion of chaos (weapon)
Missiles
 m - 5 curare-tipped darts (quivered)
Armour
 b - a +2 leather armour (worn)
Jewellery
 d - a ring of protection from cold (left hand)
 f - a ring of protection from cold (right hand)
Wands
 l - a wand of quicksilver (9)
Scrolls
 c - a scroll of butterflies
 e - a scroll of revelation
 g - a scroll of identify
 h - a scroll of fear {unknown}
 j - a scroll of poison {unknown}


   Skills:
 + Level 3.8 Fighting
 + Level 4.4 Long Blades
 + Level 3.5 Armour
 + Level 3.6 Dodging
 * Level 1.5 Spellcasting
 * Level 1.5 Conjurations
 * Level 1.5 Hexes
 * Level 1.5 Summonings
 * Level 1.5 Necromancy
 * Level 1.5 Translocations
 * Level 1.5 Fire Magic
 * Level 1.5 Ice Magic
 * Level 1.5 Air Magic
 * Level 1.5 Earth Magic
 * Level 1.5 Alchemy


You knew the following spells:

 Your Spells              Type           Power      Damage    Failure   Level
a - Slow                  Hex            16%        N/A       22%         1
b - Mercury Vapours       Alch/Air       8%         N/A       34%         2
c - Inner Flame           Hex/Fire       4%         N/A       56%         3
Your spell library was empty.

Dungeon Overview and Level Annotations

Branches:
Dungeon (4/15)             Temple (0/1) D:4

Altars:

Shops:
D:1 =


Innate Abilities, Weirdness & Mutations

You are immune to sickness and miasma.
You are immune to poison.
Your flesh is very heat resistant. (rF++)
You are vulnerable to cold. (rC-)
You float through the air rather than walking.
You learn spells naturally, not from books.
Your magical power is your life essence.
You have superior vitality. (+4 MHP)
You are partially covered in iridescent scales. (AC +2)
You are very agile. (Dex +8, Str/Int -2)
Your health recovers twice as slowly from being drained.


Message History

The phantom closely misses you.
The phantom hits you but does no damage.
It was a potion of attraction.
You feel attractive to monsters. The phantom barely misses you.
The phantom is attracted toward you. The endoplasm is attracted toward you.
The gnoll is attracted toward you.
Okay, then.
Aiming: Quicksilver Bolt
Press: ? - help, Shift-Dir - straight line, f - phantom
Aim: a phantom (severely damaged, fast, 60% to hit)
The bolt of dispelling energy hits the phantom!
You destroy the phantom!
The endoplasm quivers.
The phantom hits you but does no damage.
The gnoll is attracted toward you. The quokka is attracted toward you.
You feel your dexterity returning.
You have reached level 7!
The power to cast Inner Flame wells up from within.
Spell assigned to 'c'.
The endoplasm freezes you.
You are frozen.
You resist.
* * * LOW HITPOINT WARNING * * *
The quokka is attracted toward you. The gnoll is attracted toward you.
The endoplasm attacks as it pursues you!
The endoplasm closely misses you. The quokka closely misses you.
The endoplasm attacks as it pursues you!
The endoplasm hits you but does no damage.
Xom's power touches on a nearby monster.
The quokka evaporates and reforms as a swamp drake!
The swamp drake is attracted toward you.
The phantom is attracted toward you. The gnoll is attracted toward you.
The swamp drake is attracted toward you.
Okay, then.
As you read the scroll labelled JUJOLA KUFAFI, it crumbles to dust.
It is a scroll of identify.
e - a scroll of revelation The endoplasm freezes you.
You are frozen.
You resist. The swamp drake bites you!
You die...
Xom is highly amused!

#.............#..# .# ...
#....§....>.#.#... . ...#
#..[........#..§..#. #...#
##.####...#.###..§.###....#
# ........... .#..g#.?.#
##.#...###....#.§...#
#.#..###..#####g>.## #
#.......$..#W..!.# .####
#..@#.§.#...# ..
###kJ..###..... #....§.#.#
#..#. ###......# .##
#..##..# . .... .... #
...## ##... #### .... ..#


You could see a swamp drake and an endoplasm.

Vanquished Creatures
  Sigmund (D:2)
  A phantom (D:4)
  A killer bee (D:3)
  An iguana (D:3)
  4 gnolls
  5 adders
  A ribbon worm (D:2)
  4 endoplasms
  2 giant cockroaches
  4 goblins
  5 hobgoblins
  2 kobolds
  5 quokkas
  5 ball pythons
  2 bats (D:1)
  5 frilled lizards
  5 rats
53 creatures vanquished.

Notes
Turn   | Place    | Note
-------+----------+-------------------------------------------
     0 | D:1      | Xavori the Djinni Chaos Knight began the quest for the Orb.
     0 | D:1      | Reached XP level 1. HP: 20/20 MP: 0/0
   132 | D:1      | Found a faded altar of an unknown god.
   233 | D:1      | Reached XP level 2. HP: 23/25 MP: 0/0
   275 | D:1      | XOM: silly message
   468 | D:1      | XOM: silly message
   494 | D:1      | Reached skill level 3 in Long Blades
   577 | D:1      | Reached XP level 3. HP: 30/30 MP: 0/0
   577 | D:1      | Learned a level 1 spell: Slow
   612 | D:1      | XOM: silly message
   685 | D:1      | Found Buriliaf's Jewellery Emporium.
  1283 | D:1      | XOM: silly message
  1757 | D:1      | XOM: give mutations
  1757 | D:1      | Gained mutation: You are agile. (Dex +4, Str/Int -1) [Xom's
                  | mischief]
  1757 | D:1      | Gained mutation: You have hidden genetic potential. [Xom's
                  | mischief]
  1757 | D:1      | Lost mutation: You have hidden genetic potential. [Xom's
                  | mischief]
  1757 | D:1      | Gained mutation: You are occasionally teleported next to
                  | monsters. [Xom's mischief]
  2133 | D:1      | XOM: give mutations
  2133 | D:1      | Gained mutation: You have a pair of small horns on your
                  | head. [Xom's mischief]
  2133 | D:1      | Gained mutation: You are very agile. (Dex +8, Str/Int -2)
                  | [Xom's mischief]
  2133 | D:1      | Lost mutation: You have a pair of small horns on your head.
                  | [Xom's mischief]
  2133 | D:1      | Lost mutation: You are occasionally teleported next to
                  | monsters. [Xom's mischief]
  2530 | D:2      | XOM: divination: detect creatures
  2549 | D:2      | XOM: divination: magic mapping
  2564 | D:2      | XOM: silly message
  2569 | D:2      | Reached XP level 4. HP: 33/35 MP: 0/0
  2843 | D:2      | XOM: 1-stop teleportation journey
  2951 | D:2      | Reached XP level 5. HP: 40/40 MP: 0/0
  2951 | D:2      | Learned a level 2 spell: Mercury Vapours
  3092 | D:2      | XOM: god gift: 5 curare-tipped darts
  3137 | D:2      | Noticed Sigmund
  3145 | D:2      | Killed Sigmund
  3146 | D:2      | Reached skill level 4 in Long Blades
  3146 | D:2      | Reached skill level 1 in Spellcasting
  3146 | D:2      | Reached skill level 1 in Conjurations
  3146 | D:2      | Reached skill level 1 in Hexes
  3146 | D:2      | Reached skill level 1 in Summonings
  3146 | D:2      | Reached skill level 1 in Necromancy
  3146 | D:2      | Reached skill level 1 in Translocations
  3146 | D:2      | Reached skill level 1 in Fire Magic
  3146 | D:2      | Reached skill level 1 in Ice Magic
  3146 | D:2      | Reached skill level 1 in Air Magic
  3146 | D:2      | Reached skill level 1 in Earth Magic
  3146 | D:2      | Reached skill level 1 in Alchemy
  3146 | D:2      | Reached XP level 6. HP: 36/46 MP: 0/0
  3214 | D:2      | XOM: stat loss: -1 Str (8/9)
  3222 | D:2      | XOM: give mutations
  3222 | D:2      | Gained mutation: You are partially covered in iridescent
                  | scales. (AC +2) [Xom's mischief]
  3222 | D:2      | Gained mutation: You are dopey. (Int -2) [Xom's mischief]
  3222 | D:2      | Lost mutation: You are dopey. (Int -2) [Xom's mischief]
  3222 | D:2      | Gained mutation: Your health recovers twice as slowly from
                  | being drained. [Xom's mischief]
  3383 | D:3      | XOM: summons 3 hostile demons
  3643 | D:3      | XOM: silly message
  3757 | D:3      | XOM: summons 4 hostile demons
  3912 | D:2      | XOM: noise
  4275 | D:4      | XOM: swap monsters
  4337 | D:4      | HP: 2/47 [phantom (3)]
  4337 | D:4      | Found a staircase to the Ecumenical Temple.
  4342 | D:4      | Reached XP level 7. HP: 3/51 MP: 0/0
  4342 | D:4      | Learned a level 3 spell: Inner Flame
  4345 | D:4      | XOM: polymorph quokka -> swamp drake
  4347 | D:4      | Mangled by a swamp drake

Illustrated notes

Levels and vault maps discovered:
D:1:      sevenhm_arrival_forest_fort_small_5, layout_basic,
          shapermc_ecumenical_altar_ellora, serial_shops, shop
D:2:      layout_loops_corners, uniq_sigmund
D:3:      layout_basic
D:4:      layout_basic, minmay_temple_entry_arrows, minmay_cupped

Skill      XL: |  1  2  3  4  5 |
---------------+----------------+-----
Long Blades    | 3 4 |  4.4
Armour         | 2 3 |  3.5
Dodging        | 3 |  3.6
Spellcasting   | 1 |  1.5
Conjurations   | 1 |  1.5
Hexes          | 1 |  1.5
Summonings     | 1 |  1.5
Necromancy     | 1 |  1.5
Translocations | 1 |  1.5
Fire Magic     | 1 |  1.5
Ice Magic      | 1 |  1.5
Air Magic      | 1 |  1.5
Earth Magic    | 1 |  1.5
Alchemy        | 1 |  1.5
Fighting       | |  3.8

Action                     |  1- 3 |  4- 6 |  7- 9 || total
---------------------------+-------+-------+-------++-------
  Melee: Falchion          |    82 |   112 |       ||   194
         Punch             |       |     3 |       ||     3
   Cast: Mercury Vapours   |       |     1 |       ||     1
  Evoke: Wand              |       |     1 |       ||     1
    Use: Potion            |       |     3 |       ||     3
         Scroll            |       |       |     1 ||     1
   Stab: Sleeping          |     1 |     2 |       ||     3
         Confused          |     2 |     1 |       ||     3
         Distracted        |     1 |       |       ||     1
 Armour: Leather armour    |    42 |   217 |     2 ||   261
  Dodge: Dodged            |    51 |   223 |     2 ||   276
